 Dungeon Crawl Stone Soup version 0.31-a0-1227-g0136665373 (console) character file.

Game seed: 842908465838913992

4 marcantony the Sneak (level 1, -3/15 (18) HPs)
             Began as a Formicid Delver on Dec 14, 2023.
             Succumbed to a goblin's poison
             ... on level 4 of the Dungeon.
             The game lasted 00:04:51 (578 turns).

marcantony the Sneak (Formicid Delver)               Turns: 578, Time: 00:04:51

HP:   -3/15 (18)    AC:  3    Str: 16    XL:     1   Next: 66%
MP:   20/20         EV: 12    Int:  9    God:
Gold: 0             SH:  0    Dex: 15    Spells: 2/2 levels left

rFire   . . .        a - +0 mace
rCold   . . .        (no shield)
rNeg    . . .        b - +0 leather armour
rPois   .            (helmet unavailable)
rElec   .            (no cloak)
rCorr   .            (no gloves)
SInv    +            (no boots)
Will    .....        (no amulet)
Stlth   +++          g - ring of magical power
HPRegen 0.22/turn    i - ring of magical power
MPRegen 0.17/turn

%: no passive effects
@: lethally poisoned (-3 -> -20), heavily drained
A: permanent stasis, dig shafts and tunnels, antennae 3, four strong arms
a: Dig, Shaft Self


You were on level 4 of the Dungeon.
You visited 1 branch of the dungeon, and saw 5 of its levels.

Inventory:

Hand Weapons
 a - a +0 mace (weapon)
Armour
 b - a +0 leather armour (worn)
Jewellery
 g - a ring of magical power (left hand)
 i - a ring of magical power (right hand)
Wands
 f - a wand of digging (3)
Scrolls
 c - a scroll of fog
 d - a scroll of revelation
 e - 3 scrolls of teleportation {unknown}
 h - a scroll of identify {unknown}


   Skills:
 - Level 3.2 Fighting
 - Level 2.0 Maces & Flails
 - Level 1.7 Dodging
 - Level 6.0 Stealth
 + Level 1.1 Spellcasting


You had 2 spell levels left.
You didn't know any spells.
Your spell library was empty.

Dungeon Overview and Level Annotations

Branches:
Dungeon (7/15)
 Temple: D:4-7

Altars:
Cheibriados
Sif Muna

Shops:
D:5 (

Annotations:
D:3 1 runed translucent door, Dynojp's ghost, novice GnFi
D:4 Eustachio
D:5 exclusion: 2 sensed monsters (detected)
D:7 exclusion: sky beast


Innate Abilities, Weirdness & Mutations

You cannot be hasted, slowed, berserked, paralysed or teleported.
You can dig through walls and to a lower floor.
You have a pair of large antennae on your head. (SInv)
Your four strong arms can wield two-handed weapons with a shield.


Message History

You retract your mandibles.
You feel sick.
The giant cockroach attacks as it pursues you!
The giant cockroach bites you but does no damage.
You feel sick.
The giant cockroach bites you but does no damage.
You feel sick.
The giant cockroach attacks as it pursues you!
The giant cockroach bites you.
You feel sick. The giant cockroach closely misses you.
You feel sick.
You are no longer poisoned.
The kobold barely misses you.
An endoplasm comes into view.
The kobold attacks as it pursues you! The kobold misses you.
The goblin attacks as it pursues you!
The goblin hits you with a +1 dagger of venom.
* * * LOW HITPOINT WARNING * * *
You are lethally poisoned!
The giant cockroach attacks as it pursues you!
The giant cockroach closely misses you.
Okay, then.
You aren't carrying any potions.
Unknown command.
Unknown command.
Okay, then.
Unknown command.
Unknown command.
Unknown command.
Unknown command.
Unknown command.
Unknown command.
Unknown command.
* * * LOW HITPOINT WARNING * * *
You feel very sick. The giant cockroach closely misses you.
The goblin hits you with a +1 dagger of venom.
* * * LOW HITPOINT WARNING * * *
You are more poisoned.
The kobold closely misses you.
You die...

...... . ...... ..# #.$...
......# #..? #..... ...#...##
#..... #.....
....J...+##.)....##.....
.........#..# #...#<....
.....................## #.......
#.................#...# ###gg....
..........#.....<...#####.#......
..........#....)@..............g.
......##......KgB....####.......
#......#.......WK....######.....
##....#..........g......# #...>.
#.....#.###......#..#.... ##....
....@....##.........# #.. #......
.......#####.....#...# ......#..
......## ##.#.##....# .....##..
...{..# #!.#####...#....# ##.
......# +.## ..##.$## . ......#
#.## ...... .


You could see a phantom, an endoplasm (wandering), a giant cockroach, 2 goblins
and 2 kobolds.

Vanquished Creatures
  A dart slug (D:4)
  A hobgoblin (D:4)
2 creatures vanquished.

Notes
Turn   | Place    | Note
-------+----------+-------------------------------------------
     0 | D:5      | marcantony the Formicid Delver began the quest for the Orb.
     0 | D:5      | Reached XP level 1. HP: 18/18 MP: 1/1
    17 | D:7      | Noticed a sky beast
    17 | D:7      | Noticed a scorpion
   166 | D:6      | Found a snail-covered altar of Cheibriados.
   167 | D:6      | Noticed a scorpion
   319 | D:5      | Found Hoitot's Antique Weapon Emporium.
   360 | D:3      | Found a shimmering blue altar of Sif Muna.
   360 | D:3      | Found a runed translucent door.
   367 | D:3      | Noticed Dynojp's ghost (novice GnFi)
   367 | D:3      | Noticed an orc priest
   429 | D:3      | You fall into a shaft and drop 1 floor!
   552 | D:4      | Reached skill level 1 in Spellcasting
   552 | D:4      | Noticed Eustachio
   558 | D:4      | Noticed a phantom
   578 | D:4      | Succumbed to a goblin's poison

Illustrated notes

Levels and vault maps discovered:
D:3:      wad_crossroads, layout_basic, overflow_temple_1_default,
          ebering_ghost_sewer_d, grunt_ministairs_14, uniq_ijyb
D:4:      cheibrodos_quashed, layout_cave_pools,
          minmay_temple_entry_enclosed_plants, enter_ossuary_5,
          dreamdust_princess_corridor, uniq_eustachio
D:5:      layout_loops_ring, yredelemnul_altar_generic, grunt_qazlal_sundering,
          amethyst_overflow_temple_binary, serial_shops, shop,
          nicolae_shop_real_fake_doors, nicolae_shop_rolled_up
D:6:      layout_basic, cheibrodos_worm_habitat, corexii_leaking_fountain,
          grunt_ministairs_5, uniq_edmund, uniq_duvessa
D:7:      layout_basic, gammafunk_ghost_cemetery, serial_shops, shop,
          uniq_crazy_yiuf_cottage, uniq_joseph

Skill      XL: |  1 |
---------------+----+-----
Spellcasting   | 1 |  1.1
Fighting       | |  3.2
Maces & Flails | |  2.0
Dodging        | |  1.7
Stealth        | |  6.0

Action                     || total
---------------------------++-------
  Melee: Mace              ||     5
Ability: Dig               ||     2
         Shaft Self        ||     1
    Use: Scroll            ||     1
 Armour: Leather armour    ||    18
  Dodge: Dodged            ||    13

Table legend: (Time is in decaauts)
 A = Elapsed time spent in this place.
 B = Non-inter-level travel time spent in this place.
 C = Inter-level travel time spent in this place.
 D = Time resting spent in this place.
 E = Time spent auto-exploring this place.
 F = Levels seen in this place.
 G = Mean time per level.
                   A        B        C        D        E       F      G
               +--------+--------+--------+--------+--------+-----+--------+
         Total |    578 |    578 |      0 |     55 |    138 |   5 |  115.6 |
       Dungeon |    578 |    578 |      0 |     55 |    138 |   5 |  115.6 |
               +--------+--------+--------+--------+--------+-----+--------+

Top non-repeatable levels by time:
     D:6: 216 daAuts
     D:4: 158 daAuts
     D:5: 122 daAuts
     D:3: 68 daAuts
     D:7: 11 daAuts
